 Dungeon Crawl Stone Soup version 0.29-a0-266-gf56f883ddd (webtiles) character file.

Game seed: 15616413466470140162

116601 AlmostDecent the Eclecticist (level 17, -16/141 HPs)
             Began as a Djinni Conjurer on Mar 6, 2022.
             Was a High Priest of Ashenzari.
             Killed from afar by an Ice Fiend (81 damage)
             ... with a bolt of cold
             ... in an ice cave.
             The game lasted 02:55:29 (21739 turns).

AlmostDecent the Eclecticist (Djinni Conjurer)     Turns: 21739, Time: 02:55:30

Health: -16/141    AC: 21    Str: 14    XL:     17   Next: 26%
Gold:   1558       EV: 17    Int: 33    God:    Ashenzari [*****.] SH:  6 Dex: 14

rFire   + + .      SeeInvis +   n - +10 rapier of the Visionary Prison {antimagic, Str+2, Fort, Self} (curse)
rCold   x . .      Faith    .   l - +0 buckler "Profound Insecurity" {Cun, Range} (curse)
rNeg    . . .      Spirit   .   B - +3 troll leather armour "Per Aspera Ad Scientiam" {Regen+, Self, Range} (curse)
rPois   ∞          Reflect  .   R - +2 helmet of Ashenzari's Irritation {Int+3, Self, Evo} (curse)
rElec   .          Harm     .   b - +0 cloak "Tethered Together" {Self, Melee} (curse)
rCorr   +          Rampage  .   y - +2 pair of gloves of the Fated Absolutism {Self, Evo} (curse)
Will    .....      Clarity  +   (boots unavailable)
Stlth   ++++......              U - amulet "Per Aspera Ad Scientiam" {Will- Regen+ rCorr Int+4, Evo, Self} (curse)
HPRegen 1.93/turn               g - +4 ring of protection
MPRegen 0.00/turn               N - ring "Eternal Suspicion" {Str+6, Cun, Self} (curse)

@: flying
A: sickness immunity, fire resistance 2, cold vulnerability 1, float, innate
caster, HP casting, extra vitality 1
a: Renounce Religion, Shatter the Chains


You were in an ice cave.
You worshipped Ashenzari.
Ashenzari was extremely pleased with you.
You visited 5 branches of the dungeon, and saw 25 of its levels.
You visited the Abyss 1 time.
You also visited: Ossuary, Ice Cave and Volcano.

You collected 2696 gold pieces.
You spent 1138 gold pieces at shops.

Inventory:

Hand Weapons
 j - the +10 dagger of the Sharing Wolf {flame, rElec Stlth+}
   (You found it on level 2 of the Dungeon)

   It burns those it strikes, dealing additional fire damage.
   rElec:     It insulates you from electricity.
   Stlth:     It makes you more stealthy.
 n - the cursed +10 rapier of the Visionary Prison (weapon) {antimagic, Str+2, Fort, Self}
   (You found it on level 8 of the Dungeon)

   It reduces the magical energy of the wielder, and disrupts the spells and
   magical abilities of those it strikes.
   Natural abilities and divine invocations are not affected.
   Str:       It affects your strength (+2).
   It has a curse which improves the following skills: Fortitude: Armour and
   Shields.
   Introspection: Fighting and Spellcasting.
Missiles
 o - 2 throwing nets
Armour
 b - the cursed +0 cloak "Tethered Together" (worn) {Self, Melee}
   (You found it on level 7 of the Dungeon)

   It has a curse which improves the following skills: Introspection: Fighting
   and Spellcasting.
   Melee Combat: Short Blades, Long Blades, Axes, Maces & Flails, Polearms,
   Staves and Unarmed Combat.
 l - the cursed +0 buckler "Profound Insecurity" (worn) {Cun, Range}
   (You found it on level 5 of the Dungeon)

   It has a curse which improves the following skills: Cunning: Dodging and
   Stealth.
   Ranged Combat: Slings, Bows, Crossbows and Throwing.
 v - a +2 scale mail of fire resistance
 w - +0 acid dragon scales
 y - the cursed +2 pair of gloves of the Fated Absolutism (worn) {Self, Evo}
   (You found it on level 5 of the Dungeon)

   It has a curse which improves the following skills: Introspection: Fighting
   and Spellcasting.
   Evocations: Evocations.
 B - the cursed +3 troll leather armour "Per Aspera Ad Scientiam" (worn) {Regen+, Self, Range}
   (You found it on level 12 of the Dungeon)

   Regen:     It increases your rate of health regeneration.
   It has a curse which improves the following skills: Introspection: Fighting
   and Spellcasting.
   Ranged Combat: Slings, Bows, Crossbows and Throwing.
 G - +0 steam dragon scales
 I - a +0 kite shield
 R - the cursed +2 helmet of Ashenzari's Irritation (worn) {Int+3, Self, Evo}
   (You bought it in a shop on level 2 of the Orcish Mines)

   It has a curse which improves the following skills: Introspection: Fighting
   and Spellcasting.
   Evocations: Evocations.
Jewellery
 g - a +4 ring of protection (left hand)
 E - a ring of positive energy
 N - the cursed ring "Eternal Suspicion" (right hand) {Str+6, Cun, Self}
   (You found it on level 4 of the Lair of Beasts)

   [ring of strength]

   Str:       It affects your strength (+6).
   It has a curse which improves the following skills: Cunning: Dodging and
   Stealth.
   Introspection: Fighting and Spellcasting.
 P - a +6 ring of strength
 S - a +4 ring of evasion
 U - the cursed amulet "Per Aspera Ad Scientiam" (around neck) {Will- Regen+ rCorr Int+4, Evo, Self}
   (You bought it in a shop on level 2 of the Orcish Mines)

   [amulet of regeneration]

   Int:       It affects your intelligence (+4).
   Regen:     It increases your rate of health regeneration.
   rCorr:     It protects you from acid and corrosion.
   Will:      It decreases your willpower.
   It has a curse which improves the following skills: Evocations: Evocations.
   Introspection: Fighting and Spellcasting.
Wands
 k - a wand of digging (3)
 p - a wand of paralysis (7)
 z - a wand of charming (3)
 C - a wand of iceblast (11)
 H - a wand of flame (53)
 J - a wand of acid (7)
 L - a wand of polymorph (14)
 M - a wand of mindburst (5)
Scrolls
 c - a scroll of blinking
 d - 2 scrolls of summoning
 f - 5 scrolls of immolation
 i - 5 scrolls of enchant weapon
 m - 13 scrolls of teleportation
 q - 6 scrolls of magic mapping
 s - 5 scrolls of silence
 t - a scroll of fog
 K - a scroll of brand weapon
 T - 2 scrolls of fear
Potions
 a - 4 potions of resistance
 e - 4 potions of mutation
 h - a potion of berserk rage
 r - 10 potions of curing
 u - a potion of haste
 x - 2 potions of brilliance
 A - 7 potions of might
 D - a potion of cancellation
 F - 3 potions of heal wounds
 O - 6 potions of ambrosia
 Q - 2 potions of invisibility


   Skills:
 * Level 11.4(19.5) Fighting
 - Level 11.7(14.0) Short Blades
 + Level 8.1(10.5) Armour
 + Level 8.4(11.9) Dodging
 * Level 5.5(8.9) Stealth
 + Level 6.5(8.8) Shields
 + Level 15.7(23.7) Spellcasting
 + Level 3.5 Invocations
 + Level 3.5(7.4) Evocations


You had 19 spell levels left.
You knew the following spells:

 Your Spells              Type           Power      Damage    Failure   Level
a - Magic Dart            Conj           100%       1d8       0%          1
b - Searing Ray           Conj           100%       2d8       0%          2
c - Dazzling Flash        Conj/Hex       100%       N/A       0%          3
d - Fulminant Prism       Conj/Hex       57%        3d25      0%          4
e - Iskenderun's Mystic   Conj/Tloc      100%       2d19      0%          4
f - Summon Small Mammal   Summ           100%       N/A       0%          1
g - Wereblood             Tmut           100%       N/A       0%          2
h - Ensorcelled Hibernat  Hex/Ice        100%       N/A       0%          2
i - Animate Armour        Summ/Erth      100%       N/A       0%          4
j - Airstrike             Air            57%        N/A       0%          4
k - Fireball              Conj/Fire      57%        3d22      0%          5
l - Starburst             Conj/Fire      57%        6d15      0%          6
m - Death Channel         Necr           57%        N/A       0%          6
Your spell library was empty.

Dungeon Overview and Level Annotations

Branches:
Dungeon (15/15)            Temple (1/1) D:4            Lair (6/6) D:8
  Swamp (1/4) Lair:2       Spider (0/4) Lair:4        Slime (0/5) Lair:6
    Orc (2/2) D:12            Elf (0/3) Orc:2        Vaults (0/5) D:14
 Depths (0/4) D:15        Ossuary (visited)           IceCv (1/1)
Volcano (visited)

Altars:
Ashenzari
Cheibriados
Dithmenos
Elyvilon
Fedhas
Gozag
Hepliaklqana
Kikubaaqudgha
Makhleb
Nemelex Xobeh
Okawaru
Qazlal
Ru
Sif Muna
Trog
Uskayaw
Vehumet
Wu Jian
Xom
Yredelemnul
Zin
The Shining One
Beogh

Shops:
D:7 (   D:14 *[   Orc:2 [![=


Innate Abilities, Weirdness & Mutations

You are immune to sickness and miasma.
You are immune to poison.
Your flesh is very heat resistant. (rF++)
You are vulnerable to cold. (rC-)
You float through the air rather than walking.
You learn spells naturally, not from books.
Your magical power is your life essence.
You have superior vitality. (+4 MHP)


Message History

Aiming: Fireball (safe; 0% risk of failure)
Press: ? - help, Shift-Dir - straight line, f - caustic shrike simulacrum
Aim: a caustic shrike simulacrum (wandering, hasn't noticed you)
The fireball explodes!
The fireball engulfs the caustic shrike simulacrum!!!
The caustic shrike simulacrum melts!
The caustic shrike simulacrum vaporises!
You hear a sizzling sound!
Casting: Fireball (safe; 0% risk of failure)
Confirm with . or Enter, or press ? or * to list all spells.
Aiming: Fireball (safe; 0% risk of failure)
Press: ? - help, Shift-Dir - straight line, f - ice devil
Aim: an ice devil The fireball explodes!
The fireball engulfs the ice devil!!
The ice devil is burned terribly!
The ice devil is severely wounded.
You feel yourself speed up.
An Ice Fiend comes into view.
Casting: Fireball (safe; 0% risk of failure)
Confirm with . or Enter, or press ? or * to list all spells.
Aiming: Fireball (safe; 0% risk of failure)
Press: ? - help, Shift-Dir - straight line, f/p - ice devil
Aim: an ice devil (severely wounded)
The fireball explodes!
The fireball engulfs the ice devil!!!!
The ice devil is burned terribly!
You kill the ice devil!
The Ice Fiend calls on the powers of darkness!
Your body is wracked with pain!
Casting: Fireball (safe; 0% risk of failure)
Confirm with . or Enter, or press ? or * to list all spells.
Aiming: Fireball (safe; 0% risk of failure)
Press: ? - help, Shift-Dir - straight line, f - Ice Fiend
Aim: an Ice Fiend The fireball explodes!
The fireball engulfs the Ice Fiend!!!
The Ice Fiend is burned terribly!
The Ice Fiend is heavily wounded.
The Ice Fiend gestures at you. The bolt of cold hits you!!!!
You feel a terrible chill!
Ouch! That really hurt!
You die...

, ,** , { , * ≈
## * , { , , , *
≈#.##{######, *
,** ≈##1########,
, ####.#..###.. ,
, *###......#.∩.
,
,*###.⌠.##.##..**
**, **
###}..##..##. , *
####@####.##.# *
* *
.#######..#### *
,.######...#####
* * *
.####...#..#### *
* * * #...#.#####
,, * *
#..###.#### **
*,,**#...###.≈###
*, * ,
#...###≈≈≈### ,*
,**#..####≈≈≈≈##


You could see an Ice Fiend.

Vanquished Creatures
  An emperor scorpion (D:15)
  Louise (D:14)
  Azrael (D:15)
  A red draconian (Volcano)
  2 dire elephants
  A great orb of eyes (Abyss:2)
  7 boulder beetles
  A caustic shrike simulacrum (IceCv)
  Erica (Orc:1)
  15 hydras
  8 centaur warriors
  A death knight (D:13)
  2 dancing weapons (D:14)
  10 two-headed ogres
  5 alligators (Swamp:1)
  3 orc high priests (Orc:2)
  3 death yaks (Lair:5)
  A tengu warrior (D:15)
  A vampire mage (Abyss:2)
  A shadow wraith (Abyss:2)
  A wretched star (Abyss:2)
  A bog body (IceCv)
  2 swamp dragons (Swamp:1)
  7 spriggan simulacra (IceCv)
  A deep elf pyromancer (D:10)
  4 orc sorcerers (Orc:2)
  7 orc knights
  7 ugly things
  A manticore (D:15)
  A wolf spider (D:14)
  A cyclops (D:14)
  An elephant (shapeshifter) (D:15)
  A salamander (D:15)
  7 elephants
  5 black mambas
  A smoke demon (D:14)
  An orange demon (Abyss:2)
  2 rime drakes (Lair:6)
  18 komodo dragons
  13 cane toads
  2 freezing wraiths (IceCv)
  An efreet (D:15)
  An unseen horror (D:12)
  5 yaktaurs (D:15)
  5 kobold demonologists
  9 ice devils (IceCv)
  3 entropy weaver simulacra (IceCv)
  A tengu conjurer (D:15)
  4 trolls
  A merfolk (D:15)
  2 bloated husks (Swamp:1)
  3 meliai (Lair:4)
  A queen bee (Lair:4)
  Prince Ribbit (Lair:1)
  6 polar bears
  A tyrant leech (Swamp:1)
  8 hornets
  A raiju (Abyss:3)
  A dream sheep (Lair:6)
  23 blink frogs
  7 slime creatures (D:14)
  3 shadows
  7 wyverns
  2 dire elephant simulacra (IceCv)
  16 spriggans
  2 wraiths
  40 yaks
  A chaos spawn (Abyss:2)
  A fire elemental (D:15)
  A golden eye (Abyss:2)
  8 basilisks
  3 large abominations
  3 wargs (Orc:2)
  4 steam dragons
  2 redbacks (Lair:4)
  12 vampire mosquitoes
  2 spatial vortices (Abyss:3)
  3 swamp worms (Swamp:1)
  A harpy simulacrum (IceCv)
  6 minotaur simulacra (IceCv)
  2 acid dragons
  23 water moccasins
  2 swamp drakes (Swamp:1)
  6 hell hounds
  A hydra simulacrum (IceCv)
  32 orc warriors
  A sky beast (D:7)
  An ice beast (D:7)
  An ettin simulacrum (IceCv)
  6 black bears
  8 ogres
  3 boggarts (Lair:6)
  28 wolves
  A phantom (D:6)
  15 centaurs
  2 kobold brigands
  An elf zombie (Ossuary)
  11 bullfrogs
  3 necrophages
  5 deep troll simulacra (IceCv)
  2 scorpions
  4 wights (D:6)
  A small abomination (Abyss:2)
  28 killer bees
  2 lindwurm simulacra (IceCv)
  10 electric eels
  2 jellies (Lair:6)
  2 centaur zombies (Ossuary)
  A quasit (Abyss:2)
  A human zombie (Ossuary)
  4 hounds
  21 orc priests
  A gnoll shaman (D:8)
  2 iguanas
  28 orc wizards
  3 mummies (Ossuary)
  6 gnolls
  9 adders
  2 shadow imps (D:7)
  A white imp (D:7)
  2 adder zombies (Ossuary)
  2 dart slugs
  109 orcs
  6 bats
  9 endoplasms
  5 giant cockroaches
  3 gnoll zombies (Ossuary)
  5 goblins
  8 hobgoblins
  16 kobolds
  A ball python (D:4)
  8 frilled lizards
  3 goblin zombies (Ossuary)
  2 hobgoblin zombies (Ossuary)
  3 jackal zombies (Ossuary)
  3 kobold zombies (Ossuary)
  3 orc zombies (Ossuary)
  4 quokka zombies (Ossuary)
  3 rats
  6 rat zombies (Ossuary)
834 creatures vanquished.

Vanquished Creatures (others)
  An ogre mage (D:15)
  An ogre (D:15)
  An orc wizard (Orc:2)
  A bush (D:8)
  83 fulminant prisms
  46 fungi
  49 plants
182 creatures vanquished.

Grand Total: 1016 creatures vanquished

Notes
Turn   | Place    | Note
-------+----------+-------------------------------------------
     0 | D:1      | AlmostDecent the Djinni Conjurer began the quest for the
                  | Orb.
     0 | D:1      | Reached XP level 1. HP: 15/15 MP: 0/0
   340 | D:1      | Reached XP level 2. HP: 15/21 MP: 0/0
   624 | D:1      | Reached XP level 3. HP: 25/25 MP: 0/0
   624 | D:1      | Learned a level 1 spell: Summon Small Mammal
   762 | D:1      | Reached skill level 4 in Spellcasting
  1402 | D:2      | Reached XP level 4. HP: 31/31 MP: 0/0
  1505 | D:2      | Identified the +10 dagger of the Sharing Wolf {flame, rElec
                  | Stlth+}
  1698 | D:2      | Found a faded altar of an unknown god.
  1863 | D:3      | Reached XP level 5. HP: 35/35 MP: 0/0
  1863 | D:3      | Learned a level 2 spell: Wereblood
  2505 | D:4      | Found a staircase to the Ecumenical Temple.
  2517 | Temple   | Entered the Ecumenical Temple
  2852 | Temple   | Became a worshipper of Ashenzari the Shackled
  3040 | D:4      | Reached skill level 5 in Spellcasting
  3040 | D:4      | Reached XP level 6. HP: 30/40 MP: 0/0
  3627 | D:5      | Entered Level 5 of the Dungeon
  3627 | D:5      | Noticed a black bear
  3639 | D:5      | Killed a black bear
  3706 | D:5      | Reached XP level 7. HP: 45/45 MP: 0/0
  3706 | D:5      | Learned a level 2 spell: Ensorcelled Hibernation
  4198 | D:5      | Reached skill level 6 in Spellcasting
  4418 | D:6      | Reached skill level 1 in Short Blades
  4418 | D:6      | Found a sand-covered staircase.
  4421 | D:6      | Noticed a steam dragon
  4432 | D:6      | Killed a steam dragon
  4433 | D:6      | Reached XP level 8. HP: 37/51 MP: 0/0
  4435 | Ossuary  | Entered an ossuary
  4628 | Ossuary  | Reached skill level 7 in Spellcasting
  4850 | D:6      | Reached skill level 8 in Spellcasting
  4997 | D:6      | Found a sparkling altar of Nemelex Xobeh.
  5146 | D:6      | Reached skill level 1 in Fighting
  5146 | D:6      | Reached XP level 9. HP: 57/57 MP: 0/0
  5146 | D:6      | Learned a level 4 spell: Animate Armour
  5378 | D:6      | Reached skill level 5 in Dodging
  5378 | D:6      | Reached skill level 9 in Spellcasting
  5378 | D:6      | Reached XP level 10. HP: 68/68 MP: 0/0
  5682 | D:7      | Found Idauf's Weapon Boutique.
  6033 | D:7      | Reached skill level 10 in Spellcasting
  6225 | D:8      | Identified the +10 rapier "Aluetuk" {antimagic, Str+2}
  6281 | D:8      | Reached * piety under Ashenzari
  6513 | D:8      | Reached XP level 11. HP: 21/74 MP: 0/0
  6513 | D:8      | Learned a level 4 spell: Airstrike
  6757 | D:8      | Reached ** piety under Ashenzari
  6770 | D:8      | Found a staircase to the Lair.
  7028 | D:9      | Noticed a brown ugly thing
  7034 | D:9      | Killed a brown ugly thing
  7174 | D:9      | Reached skill level 11 in Spellcasting
  7553 | D:10     | Entered Level 10 of the Dungeon
  7568 | D:10     | Noticed a two-headed ogre
  7574 | D:10     | Killed a two-headed ogre
  7681 | D:10     | Noticed a deep elf pyromancer
  7690 | D:10     | Killed a deep elf pyromancer
  7691 | D:10     | Reached skill level 5 in Armour
  7829 | D:10     | Found a burning altar of Makhleb.
  7829 | D:10     | Found a basalt altar of Yredelemnul.
  7995 | D:10     | Reached skill level 5 in Short Blades
  7995 | D:10     | Reached XP level 12. HP: 81/83 MP: 0/0
  8165 | D:10     | Found a white marble altar of Elyvilon.
  8477 | D:11     | Found a snail-covered altar of Cheibriados.
  8726 | D:11     | Noticed a two-headed ogre
  8742 | D:11     | Killed a two-headed ogre
  8743 | D:11     | Reached skill level 5 in Fighting
  8745 | D:11     | Noticed a two-headed ogre
  8795 | D:11     | Found a blossoming altar of Fedhas.
  8828 | D:11     | Found a shadowy altar of Dithmenos.
  9017 | D:11     | Noticed a two-headed ogre
  9025 | D:11     | Killed a two-headed ogre
  9269 | D:11     | Killed a two-headed ogre
  9363 | D:12     | Noticed a boulder beetle
  9378 | D:12     | Killed a boulder beetle
  9434 | D:12     | Noticed an eight-headed hydra
  9448 | D:12     | Killed an eight-headed hydra
  9722 | D:12     | Noticed a two-headed ogre
  9728 | D:12     | Killed a two-headed ogre
  9729 | D:12     | Reached XP level 13. HP: 90/92 MP: 0/0
  9729 | D:12     | Learned a level 5 spell: Fireball
  9938 | D:12     | Found a staircase to the Orcish Mines.
 10179 | D:12     | Noticed a boulder beetle
 10203 | D:12     | Killed a boulder beetle
 10489 | Lair:1   | Entered Level 1 of the Lair of Beasts
 10667 | Lair:1   | Reached skill level 5 in Shields
 10718 | Lair:1   | Noticed a six-headed hydra
 10721 | Lair:1   | Killed a six-headed hydra
 10858 | Lair:1   | Noticed Prince Ribbit
 10867 | Lair:1   | Killed Prince Ribbit
 11032 | Lair:1   | Reached *** piety under Ashenzari
 11589 | Lair:2   | Noticed a four-headed hydra
 11602 | Lair:2   | Killed a four-headed hydra
 11605 | Lair:2   | Reached skill level 12 in Spellcasting
 11607 | Lair:2   | Noticed a five-headed hydra
 11614 | Lair:2   | Killed a five-headed hydra
 11617 | Lair:2   | Reached XP level 14. HP: 34/105 MP: 0/0
 12246 | Lair:2   | Found a staircase to the Swamp.
 13475 | Lair:4   | Reached **** piety under Ashenzari
 13578 | Lair:4   | Found a hole to the Spider Nest.
 14160 | Lair:5   | Reached skill level 10 in Short Blades
 14478 | Lair:5   | Reached ***** piety under Ashenzari
 14583 | Lair:5   | Reached XP level 15. HP: 113/120 MP: 0/0
 14583 | Lair:5   | Learned a level 6 spell: Starburst
 14934 | Lair:5   | Reached skill level 13 in Spellcasting
 15117 | Lair:6   | Entered Level 6 of the Lair of Beasts
 15118 | Lair:6   | Upgraded the game from 0.29-a0-251-g80730f7218 to
                  | 0.29-a0-266-gf56f883ddd
 15958 | Lair:6   | Identified the +1 leather armour of Tuetoof {MP+9 Dex+4}
 16060 | Lair:6   | Found a staircase to the Slime Pits.
 16626 | Orc:1    | Entered Level 1 of the Orcish Mines
 16626 | Orc:1    | Noticed Erica
 16631 | Orc:1    | Killed Erica
 16724 | Orc:1    | Found a dark tunnel.
 16744 | Volcano  | Entered a volcano
 16967 | Orc:1    | Reached skill level 5 in Stealth
 17206 | Orc:2    | Entered Level 2 of the Orcish Mines
 17216 | Orc:2    | Reached skill level 10 in Fighting
 17350 | Orc:2    | Reached skill level 14 in Spellcasting
 17594 | Orc:2    | Found a staircase to the Elven Halls.
 17677 | Orc:2    | Found Damesaon's Armour Boutique.
 17855 | Orc:2    | Reached XP level 16. HP: 112/130 MP: 0/0
 17858 | Orc:2    | Found Xacwelom's Jewellery Emporium.
 17861 | Orc:2    | Found Unlem's Antique Armour Emporium.
 17861 | Orc:2    | Found Robun's Distillery.
 17876 | Orc:2    | Bought a potion of heal wounds for 75 gold pieces
 17876 | Orc:2    | Bought a potion of heal wounds for 75 gold pieces
 17877 | Orc:2    | Bought a shiny helmet for 225 gold pieces
 19375 | D:14     | Found a gate to the Vaults.
 19605 | D:14     | Found Ateileti's Distillery.
 19695 | D:14     | Found Haywn's Armour Shop.
 19822 | D:14     | Noticed Louise
 19825 | D:14     | Cast into level 2 of the Abyss (Louise)
 19842 | Abyss:2  | Found a viscous altar of Jiyva.
 19953 | Abyss:2  | Noticed a bone dragon
 19969 | Abyss:2  | Paralysed by accursed screaming for 2 turns
 20017 | Abyss:3  | Noticed a tentacled starspawn
 20111 | D:14     | Escaped the Abyss
 20114 | D:14     | Killed Louise
 20144 | D:14     | Found Uhuosaic's General Store.
 20152 | D:14     | Bought a scroll of teleportation for 54 gold pieces
 20152 | D:14     | Bought a potion of curing for 54 gold pieces
 20209 | D:15     | Entered Level 15 of the Dungeon
 20255 | D:15     | Noticed Azrael
 20292 | D:15     | Killed Azrael
 20293 | D:15     | Reached skill level 15 in Spellcasting
 20547 | D:15     | Found a broken altar of Ashenzari.
 20636 | D:15     | Found a staircase to the Depths.
 20772 | D:15     | Noticed an emperor scorpion
 20796 | D:15     | Killed an emperor scorpion
 20915 | Orc:2    | Bought the amulet of Nipseny {Will- Regen+ rCorr Int+4} for
                  | 655 gold pieces
 21169 | Swamp:1  | Entered Level 1 of the Swamp
 21364 | Swamp:1  | Reached XP level 17. HP: 133/139 MP: 0/0
 21364 | Swamp:1  | Learned a level 6 spell: Death Channel
 21367 | Swamp:1  | Found a frozen archway.
 21376 | IceCv    | Entered an ice cave
 21737 | IceCv    | Noticed an Ice Fiend
 21739 | IceCv    | Killed from afar by an Ice Fiend

Illustrated notes

Levels and vault maps discovered:
D:1:      shiori_arrival_elements, layout_basic
D:2:      layout_basic, shapermc_ecumenical_altar_ellora,
          amcnicky_mini_rare_corridor_liquid
D:3:      layout_rooms, chequers_serial_rivers_large_a, minmay_hedge_maze
D:4:      layout_layer_cave, minmay_temple_entry_junction
D:5:      layout_basic
D:6:      layout_cave_pools, lemuel_coloured_pillars_altar,
          lightli_ossuary_entry_decrepit_ruins, minivault_11,
          hangedman_decor_peaks_small, serial_park_tiny_pond
D:7:      cheibrodos_two_vegetables, layout_rooms, serial_shops,
          nicolae_shop_advertising_works [nicolae_subvault_shop_adworks],
          minivault_26
D:8:      layout_rooms, minmay_lair_entry_grove, lightli_orcish_oven
D:9:      layout_loops_ring
D:10:     layout_stronghold, elyvilon_altar_5, mainiacjoe_overflow_divided_tiny,
          minmay_orc_keep
D:11:     layout_basic, hangedman_feature_mirror, fedhas_ov_isle_minmay
D:12:     layout_roguey, david_orc_5
D:13:     layout_rooms, kennysheep_generic_room_2
D:14:     layout_basic, erik_vaults_1, minmay_misc_feat_five, serial_shops,
          shop, nicolae_shop_hallway_plus, shop, hangedman_glass_teeth,
          st_stairs_1, kennysheep_potato, uniq_louise
D:15:     hangedman_depths_entry_try_elsewhere_first, layout_rooms,
          nicolae_ashenzari_skybound, uniq_azrael
Temple:   hc_temple_tempest_star
Lair:1:   layout_regular_city, beast_lair_carwin_5, serial_bayou_shore_b,
          lemuel_fruit_tree, serial_bayou_shore_b, uniq_prince_ribbit2
Lair:2:   layout_loops_ring, palyth_hydra_swamp_entry, disabler_island,
          grunt_megastairs_2
Lair:3:   layout_hall_layers
Lair:4:   layout_cellular_growth, spider_nest_entry_webs, special_room
          [special_room_bee]
Lair:5:   layout_cave_pods, infiniplex_staircase_pool, lemuel_fruit_fields,
          grunt_megastairs_5
Lair:6:   minmay_lair_end_enchanted_forest, layout_loops_ring,
          nicolae_slime_entry_slimehenge
Swamp:1:  layout_basic_swamp, portal_ice_cave_entry_pillars_three,
          serial_swamp_ruin, evilmike_swamp_ruin_house_5,
          evilmike_swamp_ruin_house_3, hangedman_swamp_ruin_hall,
          nicolae_swamp_alligator_family
Orc:1:    layout_caves, enter_volcano_3, basic_altar, uniq_erica
Orc:2:    grunt_orc_tribal_feast, layout_caves
IceCv:    ice_cave_caverns_01

Skill      XL: |  1  2  3  4  5  6  7  8  9 10 11 12 13 14 15 16 |
---------------+-------------------------------------------------+-----
Spellcasting   | 4 5 6 8 9 10 11 12 14 15 | 15.7
Stealth        | 2 3 4 5 |  5.5
Short Blades   | 1 3 5 6 9 10 11 | 11.7
Fighting       | 1 3 4 6 7 9 10 11 | 11.4
Armour         | 3 5 6 7 8 |  8.1
Dodging        | 5 6 7 8 |  8.4
Shields        | 3 4 5 6 |  6.5
Invocations    | 3 |  3.5
Evocations     | 3 |  3.5

Action                   |  1- 3 |  4- 6 |  7- 9 | 10-12 | 13-15 | 16-18 || total
-------------------------+-------+-------+-------+-------+-------+-------++-------
Melee: Unarmed           |     3 |       |       |       |       |       ||     3
       Dagger            |       |     9 |     4 |    44 |       |       ||    57
       Rapier            |       |       |       |   197 |   277 |   101 ||   575
 Cast: Magic Dart        |    51 |    92 |   147 |   116 |    28 |     2 ||   436
       Fulminant Prism   |       |     2 |    10 |    58 |    13 |       ||    83
       Searing Ray       |       |     1 |     7 |    32 |    12 |       ||    52
       Fireball          |       |       |       |       |   334 |   213 ||   547
       Airstrike         |       |       |       |       |    15 |     5 ||    20
       Summon Small Mamm |       |       |       |       |     1 |       ||     1
       Starburst         |       |       |       |       |     4 |    10 ||    14
Invok: Curse Item        |       |     1 |     1 |     2 |     5 |     2 ||    11
       Shatter the Chain |       |       |     1 |       |       |     2 ||     3
  Use: Scroll            |       |       |     6 |     2 |     5 |     1 ||    14
       Potion            |       |       |     1 |     1 |       |     2 ||     4
 Stab: Sleeping          |     1 |     2 |       |     2 |       |       ||     5
       Distracted        |       |       |       |       |       |     1 ||     1
Armor: Robe              |     1 |     3 |    11 |     1 |       |       ||    16
       Scale mail        |       |       |       |   141 |    67 |       ||   208
       Troll leather arm |       |       |       |       |    35 |    43 ||    78
Dodge: Dodged            |     4 |    18 |    32 |   133 |   116 |    72 ||   375
Block: Buckler           |       |       |     5 |    64 |    58 |    30 ||   157

Table legend: (Time is in decaauts)
 A = Elapsed time spent in this place.
 B = Non-inter-level travel time spent in this place.
 C = Inter-level travel time spent in this place.
 D = Time resting spent in this place.
 E = Time spent auto-exploring this place.
 F = Levels seen in this place.
 G = Mean time per level.
                   A        B        C        D        E       F      G
               +--------+--------+--------+--------+--------+-----+--------+
         Total |  21613 |  20029 |   1584 |   1600 |  13272 |  31 |  697.2 |
       Dungeon |  12131 |  11389 |    742 |    817 |   8356 |  15 |  808.7 |
        Temple |    344 |    296 |     48 |      0 |    276 |   1 |  344.0 |
          Lair |   6059 |   5585 |    474 |    513 |   3912 |   6 | 1009.8 |
         Swamp |    200 |    160 |     40 |      0 |     52 |   1 |  200.0 |
  Orcish Mines |   1692 |   1412 |    280 |     36 |    578 |   2 |  846.0 |
         Abyss |    285 |    285 |      0 |     28 |      0 |   3 |   95.0 |
       Ossuary |    375 |    375 |      0 |     89 |     98 |   1 |  375.0 |
      Ice Cave |    372 |    372 |      0 |    117 |      0 |   1 |  372.0 |
       Volcano |    151 |    151 |      0 |      0 |      0 |   1 |  151.0 |
               +--------+--------+--------+--------+--------+-----+--------+

Top non-repeatable levels by time:
  Lair:6: 1257 daAuts
    D:12: 1200 daAuts
  Lair:1: 1143 daAuts
   Orc:2: 1123 daAuts
     D:1: 1116 daAuts
  Lair:4: 1084 daAuts
     D:4: 969 daAuts
  Lair:2: 968 daAuts
    D:10: 932 daAuts
  Lair:5: 915 daAuts
    D:11: 906 daAuts
    D:13: 863 daAuts
     D:7: 792 daAuts
     D:8: 785 daAuts
     D:5: 770 daAuts
